 Dungeon Crawl Stone Soup version 0.31.0-12-g77e489cdc1 (webtiles) character file.

Game seed: 8863477880698623730

951 ThiefWellington the Changeling (level 8, -1/54 HPs)
             Began as an Octopode Monk on Feb 14, 2024.
             Was an Initiate of Gozag.
             Incinerated by a bombardier beetle (6 damage)
             ... with a burning spray
             ... on level 5 of the Dungeon.
             The game lasted 00:09:00 (3684 turns).

ThiefWellington the Changeling (Octopode Monk)      Turns: 3684, Time: 00:09:00

Health: -1/54      AC:  1    Str: 10    XL:     8   Next: 13%
Magic:  8/9        EV: 14    Int: 14    God:    Gozag
Gold:   327        SH:  0    Dex: 15    Spells: 6/9 levels left

rFire   . . .        h - +3 dagger
rCold   . . .        b - orb {light}
rNeg    . . .        (helmet restricted)
rPois   .            j - amulet of regeneration
rElec   .            v - ring of see invisible
rCorr   .            (no ring)
SInv    +            (no ring)
Will    .....        (no ring)
Stlth   +            (no ring)
HPRegen 1.09/turn    (no ring)
MPRegen 0.11/turn    (no ring)
                     (no ring)

%: no passive effects
@: on fire, glowing, inugami summoned
A: almost no armour, amphibious, 8 rings, camouflage 1, gelatinous body 1,
(nimble swimmer 1), tentacles
a: Renounce Religion, Potion Petition, Call Merchant, Bribe Branch


You were on level 5 of the Dungeon.
You worshipped Gozag.
Gozag was aware of your devotion.
You visited 2 branches of the dungeon, and saw 6 of its levels.

You collected 327 gold pieces.


Innate Abilities, Weirdness & Mutations

You cannot wear most types of armour.
You are amphibious.
You can wear up to eight rings at the same time.
Your skin changes colour to match your surroundings (Stealth+).
Your rubbery body absorbs attacks. (AC +1, EV +1)
((You are camouflaged when in or above water. (Stealth+)))
You have tentacles for arms and can constrict up to eight enemies at once.


   Skills:
 - Level 4.0 Fighting
 - Level 3.0 Dodging
 - Level 3.0 Unarmed Combat
 - Level 1.0 Spellcasting
 - Level 5.0 Summonings
 + Level 6.1 Shapeshifting


You had 6 spell levels left.
You knew the following spells:

 Your Spells              Type           Power      Damage    Failure   Level
c - Call Canine Familiar  Summ           14%        N/A       10%         3

Your spell library contained the following spells:

 Spells                   Type           Power      Damage    Failure   Level
 Freeze                   Ice            0%         1d3       26%         1
 Blink                    Tloc           0%         N/A       36%         2
 Lesser Beckoning         Tloc           0%         N/A       36%         2
 Momentum Strike          Conj/Tloc      0%         3d8       36%         2
 Frozen Ramparts          Ice            0%         1d1       61%         3
 Hailstorm                Conj/Ice       0%         3d5       61%         3
 Sigil of Binding         Hex            0%         N/A       61%         3
 Dimensional Bullseye     Hex/Tloc       0%         N/A       95%         4

Inventory:

Hand Weapons
 h - a +3 dagger (weapon)
Missiles
 g - 2 datura-tipped darts (quivered)
 q - a throwing net {=f}
Armour
 b - an orb of light (worn)
Jewellery
 j - an amulet of regeneration (around mantle)
 v - a ring of see invisible (left tentacle)
 C - a ring of ice
Talismans
 s - a flux talisman
Wands
 o - a wand of iceblast (6)
Scrolls
 c - 3 scrolls of identify {unknown}
 f - a scroll of amnesia {unknown}
 i - 2 scrolls of revelation {unknown}
 l - 2 scrolls of enchant weapon {unknown}
 m - 3 scrolls of teleportation {unknown}
 n - a scroll of summoning {unknown}
 r - a scroll of blinking {unknown}
Potions
 a - 2 potions of ambrosia
 d - 2 potions of curing {unknown}
 e - 2 potions of might {unknown}
 k - a potion of mutation {unknown}
 p - a potion of invisibility {unknown}
 t - a potion of brilliance {unknown}
 u - a potion of heal wounds {unknown}

Dungeon Overview and Level Annotations

Branches:
Dungeon (5/15)             Temple (1/1) D:4

Altars:
Ashenzari
Dithmenos
Gozag
Kikubaaqudgha
Makhleb
Okawaru
Sif Muna
Uskayaw
Vehumet
Xom
Yredelemnul
The Shining One

####.# .. ##.#..## ..##
#......# ..... ###....##
.... ##.#...## #...
#......#
.##...########......#
......$.....##......####
#..h@.#...##........#
#.....#.........##...
#▒..............)....
#..................#
##.................#
+................).
##...##▒##.........
#.#+# #+#....#.. ▒#
##▒##...


You could see a friendly inugami (summoned).


Message History

Unknown command.
The liquid fire burns you!
Unknown command.
The liquid fire burns you!
* * * LOW HITPOINT WARNING * * *
The liquid fire burns you!
* * * LOW HITPOINT WARNING * * *
Unknown command.
The liquid fire burns you!
* * * LOW HITPOINT WARNING * * *
Unknown command.
The liquid fire burns you!
* * * LOW HITPOINT WARNING * * *
The liquid fire burns you!
* * * LOW HITPOINT WARNING * * *
Unknown command.
The liquid fire burns you!
* * * LOW HITPOINT WARNING * * *
Unknown command.
The liquid fire burns you!
* * * LOW HITPOINT WARNING * * *
Unknown command.
The liquid fire burns you!
* * * LOW HITPOINT WARNING * * *
Unknown command.
The liquid fire burns you!
* * * LOW HITPOINT WARNING * * *
The liquid fire burns you!
You die...
Your body crumbles into a pile of gold.

Skill      XL: |  1  2  3  4  5  6  7  8 |
---------------+-------------------------+-----
Spellcasting   | 1 |  1.0
Fighting       | 4 |  4.0
Summonings     | 1 3 4 5 |  5.0
Shapeshifting  | 3 5 6 |  6.1
Dodging        | |  3.0
Unarmed Combat | |  3.0

Action                     |  1- 3 |  4- 6 |  7- 9 || total
---------------------------+-------+-------+-------++-------
  Melee: Unarmed           |    57 |       |       ||    57
         Constrict         |    19 |    30 |    16 ||    65
         Tentacles         |    13 |    20 |    20 ||    53
         Punch             |     1 |     5 |       ||     6
         Dagger            |    11 |    88 |    68 ||   167
   Cast: Call Canine Famil |       |     5 |     4 ||     9
Ability: Begin Untransform |       |       |     1 ||     1
   Stab: Sleeping          |       |     1 |       ||     1
 Armour: Skin              |    29 |    31 |    26 ||    86
  Dodge: Dodged            |    47 |    53 |    36 ||   136
   Form: Flux              |       |       |     1 ||     1

Levels and vault maps discovered:
D:1:      amcnicky_arrival_underground_garden, layout_basic,
          nicolae_figureground_sparkle
D:2:      layout_loops_corners, small_statue_intersection, uniq_robin
D:3:      layout_loops_ring, cheibrodos_ashenzari_chains,
          kennysheep_generic_room_5, uniq_ijyb
D:4:      layout_gridville, nicolae_vehumet_radiance,
          minmay_temple_entry_proselytizer, uniq_grinder
D:5:      nicolae_cairo_tiling_very_big, layout_cave_pools
Temple:   nicolae_temple_bog_church

Notes
Turn   | Place    | Note
-------+----------+-------------------------------------------
     0 | D:1      | ThiefWellington the Octopode Monk began the quest for the
                  | Orb.
     0 | D:1      | Reached XP level 1. HP: 16/16 MP: 1/1
   184 | D:1      | Reached XP level 2. HP: 21/21 MP: 2/2
   649 | D:1      | Reached XP level 3. HP: 21/27 MP: 4/4
   653 | D:1      | Learned a level 3 spell: Call Canine Familiar
   803 | D:1      | Reached skill level 1 in Spellcasting
   871 | D:2      | Reached skill level 4 in Fighting
   904 | D:2      | Noticed Robin
  1112 | D:2      | Reached skill level 1 in Summonings
  1115 | D:2      | Killed Robin
  1180 | D:2      | Reached XP level 4. HP: 24/33 MP: 5/5
  1222 | D:2      | Reached skill level 2 in Summonings
  1980 | D:3      | Found a broken altar of Ashenzari.
  1985 | D:3      | Noticed Ijyb
  2010 | D:3      | Killed Ijyb
  2011 | D:3      | Reached skill level 3 in Summonings
  2108 | D:3      | Reached XP level 5. HP: 37/37 MP: 6/6
  2277 | D:3      | Reached skill level 4 in Summonings
  2602 | D:3      | Reached XP level 6. HP: 33/43 MP: 7/7
  2633 | D:4      | Noticed Grinder
  2633 | D:4      | Paralysed by Grinder for 5 turns
  2893 | D:4      | Found a staircase to the Ecumenical Temple.
  2898 | D:4      | Reached skill level 5 in Summonings
  2902 | Temple   | Entered the Ecumenical Temple
  2923 | Temple   | Became a worshipper of Gozag Ym Sagoz the Greedy
  2981 | D:4      | Paralysed by Grinder for 5 turns
  2997 | D:4      | Paralysed by Grinder for 4 turns
  3000 | D:4      | Killed Grinder
  3001 | D:4      | Reached skill level 3 in Shapeshifting
  3001 | D:4      | Reached XP level 7. HP: 25/48 MP: 5/8
  3065 | D:4      | Found a radiant altar of Vehumet.
  3145 | D:4      | Reached skill level 4 in Shapeshifting
  3317 | D:5      | Entered Level 5 of the Dungeon
  3376 | D:5      | Reached skill level 5 in Shapeshifting
  3539 | D:5      | Reached XP level 8. HP: 37/54 MP: 5/9
  3671 | D:5      | Reached skill level 6 in Shapeshifting
  3683 | D:5      | HP: 4/54 [burnt (4)]
  3684 | D:5      | Incinerated by a bombardier beetle

Vanquished Creatures
  A scorpion (D:5)
  A bombardier beetle (D:5)
  A hound (D:5)
  A gnoll bouda (D:4)
  2 orc priests
  Ijyb (D:3)
  Robin (D:2)
  7 gnolls
  5 adders
  A white imp (D:5)
  2 dart slugs
  2 ribbon worms
  3 orcs (D:3)
  8 endoplasms
  3 giant cockroaches
  15 goblins
  6 hobgoblins
  6 quokkas
  10 ball pythons
  7 bats
  7 frilled lizards (D:1)
  8 kobolds
98 creatures vanquished.

Vanquished Creatures (collateral kills)
  Grinder (D:4)
  An ice beast (D:5)
  An ogre (D:5)
  A bombardier beetle (D:3)
  2 iguanas
  2 gnolls (D:4)
  An adder (D:5)
  An orc (D:3)
  A kobold (D:3)
11 creatures vanquished.

Grand Total: 109 creatures vanquished

Table legend: (Time is in decaauts)
 A = Elapsed time spent in this place.
 B = Non-inter-level travel time spent in this place.
 C = Inter-level travel time spent in this place.
 D = Time resting spent in this place.
 E = Time spent auto-exploring this place.
 F = Levels seen in this place.
 G = Mean time per level.
                   A        B        C        D        E       F      G
               +--------+--------+--------+--------+--------+-----+--------+
         Total |   3680 |   3543 |    137 |    419 |   2300 |   6 |  613.3 |
       Dungeon |   3640 |   3521 |    119 |    419 |   2300 |   5 |  728.0 |
        Temple |     40 |     22 |     18 |      0 |      0 |   1 |   40.0 |
               +--------+--------+--------+--------+--------+-----+--------+

Top non-repeatable levels by time:
     D:1: 979 daAuts
     D:2: 908 daAuts
     D:3: 897 daAuts
     D:4: 489 daAuts
     D:5: 365 daAuts
  Temple: 40 daAuts

Table legend:
 A = Non-vault XP
 B = Vault XP
 C = Vault XP percentage of total XP
 D = Non-vault monster count
 E = Vault monster count
 F = Vault count percentage of total count
                 A         B        C        D         E       F
            +---------+---------+-------+---------+---------+-------
      Total |     977 |     382 |  28.1 |      93 |      16 |  14.7
            +---------+---------+-------+---------+---------+-------
        D:1 |      44 |       2 |   4.3 |      30 |       1 |   3.2
        D:2 |      43 |      33 |  43.4 |      15 |      10 |  40.0
        D:3 |     176 |      39 |  18.1 |      18 |       3 |  14.3
        D:4 |     196 |     308 |  61.1 |      20 |       2 |   9.1
        D:5 |     518 |       0 |   0.0 |      10 |       0 |   0.0
            +---------+---------+-------+---------+---------+-------
